Elm, chaotic male elven Priest ---- |..------------- |.........)..<.| |...---------..| --- ---.--- ---- ----------------.---- |...| ....................---- ---.--- -.......*....|---|...| -.. ----------..---.*....-|..---.--- --- ------------.......Ghf..............|...||...| `................(.................G@...-----...---.--..----.----- ------- --------------......----.- --.-- |......|.|.....| -.... |.. --- ---.--.........-- ..... ... |.............| --. ...- |--..........-- -- -.... --............| .... --.............| ....- -..............-- ..... |....--.|.--.....| |..|. |..------------.-- ----- --- --- Elm the Acolyte Experience level: 4 Strength: 10 Dexterity: 12 Constitution: 13 Intelligence: 11 Wisdom: 19 Charisma: 11 Health: 0(33) Energy: 55(55) Def: 5 Gold: 158 Moves: 1682 Dungeon seed: ZMAh5YkGzmDQpAo1 Game ID: Elm_1615413742 Your Inventory: Coins $ - 158 gold pieces Weapons a - a blessed +1 mace (weapon in hand) L - a +0 knife Armor e - a +1 robe (being worn) n - a blessed +0 small shield (being worn) r - a +0 orcish helm (being worn) Comestibles c - a clove of garlic d - a sprig of wolfsbane j - a partly eaten banana Scrolls C - a blessed scroll of scare monster F - a blessed scroll of identify O - a scroll of teleportation Spellbooks f - a spellbook of remove curse g - a spellbook of cure sickness Potions b - 2 potions of holy water E - a blessed potion of oil Wands l - a wand of opening (0:5) P - a wand of slow monster (0:6) Tools h - a tooled horn K - a drum of earthquake (0:8) N - 6 tallow candles (0:200) Spells and supernatural/magical abilities: Name Level Category Fail Memory r - remove curse 3 clerical 0% 92% K - cure sickness 3 healing 70% 92% W - pray for help -- divine ? -- X - turn undead -- divine ? -- Your skills at the end: Fighting Skills Weapon Skills mace [Basic] Spellcasting Skills clerical spells [Basic] Final Attributes: You were piously aligned. You were sleep resistant. You had infravision. You are dead. Vanquished creatures: a gnome lord a gnomish wizard 2 dwarves 2 acid blobs a gas spore a hobbit a hobgoblin 4 gnomes a gecko 3 jackals 4 foxes a kobold 2 goblins 2 grid bugs 2 bats 3 lichens 2 newts 33 creatures vanquished. Voluntary challenges: You were an atheist. You used a wielded weapon 34 times, starting on turn 169. You read items or engraved 5 times, starting on turn 724. You never genocided any monsters. You never polymorphed an object. You never changed form. You used no wishes. You never split a pudding. You never wrote Elbereth's name. You never violated your personal moral code. Dungeon overview: The Dungeons of Doom: levels 1 to 4 Level 1 a fountain, a sink a long staircase Level 2 a scroll shop, some altars to Camaxtli and Huhetotl, a sink Level 3 a general store Level 4 many fountains, a sink stairs to The Gnomish Mines The Gnomish Mines: Level 5 <- You were here stairs to The Dungeons of Doom History has recorded: On T:1 you entered the Dungeons of Doom to retrieve the Amulet of Yendor! On T:350 you reached level 2 of The Dungeons of Doom. On T:459 you advanced to experience level 2. On T:868 you advanced to experience level 3. On T:917 you reached level 3 of The Dungeons of Doom. On T:1316 you reached level 4 of The Dungeons of Doom. On T:1565 you advanced to experience level 4. On T:1571 you reached level 1 of The Gnomish Mines. Score breakdown: Gold: 158 ( 7488 points) Experience: 4 levels ( 9649 points) Exploration: 5 levels ( 10.00%) ( 8571 points) Discoveries: 18 items ( 6.29%) ( 7526 points) Valuables value: (no points given unless you survive) Artifact value: 0 ( 0 points) Variety of kills: 17 monsters ( 4.46%) ( 6336 points) Turncount: 1682 turns ( 0 points) Survival: died (score multiplied by 80%) Total score: 31656 Latest messages: You see here a maple wand. P - a maple wand. You stop running. The dwarf wields a dagger! You miss the dwarf. You hit the dwarf! The dwarf thrusts her dagger. The dwarf hits! You kill the dwarf! There are a few objects here. You miss the dwarf. The dwarf wields a broad short sword! The gnome hits! You miss the dwarf. (2x) The dwarf thrusts his broad short sword. The dwarf misses. The gnome misses. Qwerty misses the dwarf. You miss the dwarf. Qwerty misses the dwarf. You miss the dwarf. Qwerty misses the dwarf. The dwarf thrusts his broad short sword. The dwarf hits! The gnome hits! You die... Final status: Goodbye Elm the Priest, killed by a gnome... You died in The Gnomish Mines on dungeon level 5 with 31656 points, and 158 pieces of gold, after 1682 moves. You were level 4 with a maximum of 33 hit points when you died.